 Dungeon Crawl Stone Soup version 0.27-a0-899-ge2d0b17c59 (webtiles) character file.

Game seed: 15108182349230580031

2114 rageheart7 the Fighter (level 9, -4/51 HPs)
             Began as a Vine Stalker Abyssal Knight on Apr 6, 2021.
             Was a Priest of Lugonu.
             Slain by a killer bee (8 damage)
             ... on level 7 of the Dungeon.
             The game lasted 00:06:31 (6311 turns).

rageheart7 the Fighter (VSAK)                       Turns: 6311, Time: 00:06:31

Health: -4/51      AC:  5    Str: 18    XL:     9   Next: 29%
Magic:  0/11       EV: 11    Int: 17    God:    Lugonu [***...]
Gold:   348        SH:  4    Dex: 20    Spells: 8/8 levels left

rFire    + . .     SeeInvis +   B - +0 rapier
rCold    + . .     Faith    .   D - +0 buckler
rNeg     + + .     Spirit   +   p - +2 robe {rC+ rF+}
rPois    .         Reflect  .   o - +0 hat of Okawaru's Reproof {rN++ Will- Int+5 SInv}
rElec    .         Harm     .   (no cloak)
rCorr    .         Rampage  .   (no gloves)
Will     .....                  C - +0 pair of boots
Stlth    ++........             (no amulet)
HPRegen  1.17/turn              e - +6 ring of dexterity
MPRegen  0.12/turn              m - +4 ring of slaying

@: no status effects
A: fangs 3, regeneration 1, magic shield, antimagic bite, no potion heal 2
a: Renounce Religion, Depart the Abyss, Bend Space, Banish


You were on level 7 of the Dungeon.
You worshipped Lugonu.
Lugonu was most pleased with you.
You visited 2 branches of the dungeon, and saw 8 of its levels.
You visited the Abyss 1 time.

You collected 348 gold pieces.

Inventory:

Hand Weapons
 B - a +0 rapier (weapon)
Missiles
 r - a throwing net
Armour
 o - the +0 hat of Okawaru's Reproof (worn) {rN++ Will- Int+5 SInv}
   (You found it on level 4 of the Dungeon)

   It affects your intelligence (+5).
   It greatly protects you from negative energy.
   It lets you see invisible.
   It decreases your willpower.
 p - a +2 robe of resistance (worn)
 C - a +0 pair of boots (worn)
 D - a +0 buckler (worn)
Jewellery
 e - a +6 ring of dexterity (left hand)
 m - a +4 ring of slaying (right hand)
 F - a ring of protection from cold
Wands
 a - a wand of flame (20)
Scrolls
 b - 2 scrolls of enchant armour {unknown}
 c - 2 scrolls of teleportation {unknown}
 g - 2 scrolls of amnesia {unknown}
 h - a scroll of fear {unknown}
 i - 5 scrolls of identify {unknown}
 l - a scroll of noise {unknown}
 u - a scroll of acquirement {unknown}
 x - a scroll of fog {unknown}
 y - a scroll of blinking {unknown}
 A - a scroll of silence {unknown}
Potions
 d - a potion of cancellation {unknown}
 f - 2 potions of heal wounds
 j - 2 potions of ambrosia {unknown}
 k - a potion of curing
 n - a potion of brilliance {unknown}
 q - 2 potions of attraction {unknown}
 s - a potion of flight {unknown}
 t - a potion of lignification {unknown}
 v - a potion of degeneration {unknown}
 w - a potion of haste {unknown}
 z - a potion of mutation {unknown}


   Skills:
 * Level 8.2 Fighting
 * Level 8.0 Short Blades
 - Level 1.5 Armour
 - Level 0.7 Dodging
 - Level 1.7 Invocations


You had 8 spell levels left.
You didn't know any spells.
Your spell library contained the following spells:

 Spells                   Type           Power      Damage    Failure   Level
 Beastly Appendage        Tmut           0%         N/A       36%         1
 Shock                    Conj/Air       0%         1d3       36%         1
 Swiftness                Air            0%         N/A       52%         2
 Wereblood                Tmut           0%         N/A       52%         2
 Confusing Touch          Hex            0%         N/A       75%         3
 Gell's Gravitas          Tloc           0%         N/A       75%         3
 Spider Form              Tmut/Pois      0%         N/A       75%         3
 Static Discharge         Conj/Air       0%         N/A       75%         3
 Airstrike                Air            0%         N/A       98%         4
 Ice Form                 Ice/Tmut       0%         N/A       98%         4
 Petrify                  Tmut/Erth      0%         N/A       98%         4
 Hydra Form               Tmut           0%         N/A       100%        5
 Lightning Bolt           Conj/Air       0%         1d11      100%        5
 Metabolic Englaciation   Hex/Ice        0%         N/A       100%        5
 Yara's Violent Unravell  Hex/Tmut       0%         3d3       100%        5


Dungeon Overview and Level Annotations

Branches:
Dungeon (7/15)             Temple (1/1) D:4

Altars:
Elyvilon
Fedhas
Gozag
Makhleb
Okawaru
Qazlal
Ru
Sif Muna
Xom
Yredelemnul

Shops:
D:4 :   D:5 :   D:7 *

Annotations:
D:7 Harold


Innate Abilities, Weirdness & Mutations

You have razor-sharp teeth.
Your natural rate of healing is unusually fast.
When hurt, damage is shared between your health and your magic reserves.
Your bite disrupts and absorbs the magic of your enemies.
Potions cannot restore your health.


Message History

You feel sick. You block the killer bee's attack.
You hit the killer bee. You bite the killer bee! You drain its power.
You feel invigorated.
The killer bee is almost dead.
You feel sick. You block the killer bee's attack. The killer bee stings you.
You are more poisoned.
The killer bee poisons you!
You miss the killer bee. Your bite misses the killer bee.
The killer bee is almost dead.
You feel sick. The killer bee stings you.
You miss the killer bee.
You bite the killer bee, but do no damage.
The killer bee is almost dead.
You feel sick. You block the killer bee's attack. The killer bee stings you.
* * * LOW HITPOINT WARNING * * *
You miss the killer bee. You bite the killer bee.
You kill the killer bee!
Lugonu accepts your kill.
You feel sick. The killer bee stings you!
* * * LOW HITPOINT WARNING * * *
You are more poisoned.
The killer bee poisons you!
Your Short Blades skill increases to level 8!
It was a potion of heal wounds.
That seemed strangely inert.
You feel very sick. The killer bee stings you.
* * * LOW HITPOINT WARNING * * *
The killer bee barely misses you.
Unknown command.
It was a potion of curing.
Your system rejects the healing.
You feel better. The killer bee barely misses you. x2
You barely miss the killer bee.
The killer bee is lightly wounded.
The killer bee stings you but does no damage.
The killer bee stings you.
* * * LOW HITPOINT WARNING * * *
You are lethally poisoned!
The killer bee poisons you!
Your system rejects the healing.
You feel better. The killer bee stings you!
You die...

##### ##...#
##############)...#
.............))...#
....[...h@..####.##
######.#.#..# #.#
....o$##.#..# #.#
########
@.@.Y.##.##.## #@#
#(....(#
y##..##...#..# #y#
#......# #...
h####o###@#
#.....># #..# ..
#...#o# ##.#.###
!.. .# ##....#
#.#.# ...# #..#.#
#.#.# ...
##.#.####.#.#
#........#<#
##...####..#


You could see Harold, a killer bee and an orc.

Vanquished Creatures
  Grinder (D:4)
  Eustachio (D:4)
  Menkaure (D:5)
  A sky beast (D:7)
  An orc warrior (D:7)
  2 ice beasts (D:5)
  A black bear (D:5)
  2 ogres (D:5)
  A centaur (D:6)
  3 scorpions
  A water moccasin zombie (D:5)
  A water moccasin skeleton (D:6)
  A killer bee (D:7)
  A bullfrog zombie (D:5)
  3 centaur zombies
  A hound (D:4)
  2 jellies
  A centaur skeleton (D:6)
  5 iguanas
  2 orc wizards
  A howler monkey zombie (D:7)
  4 gnolls (D:7)
  3 adders
  2 white imps
  An ufetubus (D:6)
  An adder skeleton (D:4)
  3 worms
  A dart slug (D:3)
  12 orcs
  6 ball pythons
  9 endoplasms
  6 giant cockroaches
  7 goblins
  14 hobgoblins
  5 jackals (D:2)
  3 quokkas
  5 bats
  5 frilled lizards
  8 kobolds
  4 rats
132 creatures vanquished.

Vanquished Creatures (others)
  A fungus (D:3)
  2 plants (D:3)
3 creatures vanquished.

Grand Total: 135 creatures vanquished

Notes
Turn   | Place    | Note
-------+----------+-------------------------------------------
     0 | Abyss:1  | rageheart7 the Vine Stalker Abyssal Knight began the quest
                  | for the Orb.
     0 | Abyss:1  | Reached XP level 1. HP: 11/11 MP: 3/3
    35 | Abyss:1  | Noticed a bone dragon
    36 | D:1      | Escaped the Abyss
    95 | D:1      | Reached * piety under Lugonu
   317 | D:1      | Reached XP level 2. HP: 16/16 MP: 4/4
   789 | D:1      | Found a faded altar of an unknown god.
   965 | D:1      | Reached XP level 3. HP: 16/20 MP: 5/5
  2423 | D:2      | Reached ** piety under Lugonu
  2424 | D:2      | Gained mutation: Your natural rate of healing is unusually
                  | fast. [Vine Stalker growth]
  2424 | D:2      | Reached XP level 4. HP: 24/24 MP: 6/6
  2758 | D:3      | Found a burning altar of Makhleb.
  2926 | D:3      | Found a white marble altar of Elyvilon.
  2964 | D:3      | Found a shimmering altar of Xom.
  2992 | D:3      | Found a basalt altar of Yredelemnul.
  3047 | D:3      | Found an opulent altar of Gozag.
  3051 | D:3      | Found a shimmering blue altar of Sif Muna.
  3238 | D:3      | Found a blossoming altar of Fedhas.
  3269 | D:3      | Found a stormy altar of Qazlal.
  3463 | D:4      | Noticed a scorpion
  3471 | D:4      | Killed a scorpion
  3472 | D:4      | Reached XP level 5. HP: 23/29 MP: 4/7
  3514 | D:4      | Found a staircase to the Ecumenical Temple.
  3582 | D:4      | Found Riygi's Book Shoppe.
  3601 | D:4      | Identified the +0 hat of Okawaru's Reproof {rN++ Will-
                  | Int+5 SInv}
  3669 | D:4      | You fall into a shaft and drop 1 floor!
  3669 | D:5      | Entered Level 5 of the Dungeon
  3676 | D:5      | Reached XP level 6. HP: 34/34 MP: 8/8
  3681 | D:4      | Found a sacrificial altar of Ru.
  3685 | D:4      | Noticed Eustachio
  3775 | D:5      | Found Xari's Book Shoppe.
  3825 | D:4      | Noticed Grinder
  3838 | D:4      | Killed Grinder
  3839 | D:4      | Reached skill level 5 in Fighting
  3839 | D:4      | Reached XP level 7. HP: 21/39 MP: 6/9
  4067 | D:4      | Killed Eustachio
  4068 | D:4      | Reached skill level 5 in Short Blades
  4180 | D:4      | You fall into a shaft and drop 1 floor!
  4372 | Temple   | Entered the Ecumenical Temple
  4459 | D:5      | Noticed Menkaure
  4467 | D:5      | Killed Menkaure
  4739 | D:5      | Gained mutation: You have razor-sharp teeth. [Vine Stalker
                  | growth]
  4739 | D:5      | Reached XP level 8. HP: 35/44 MP: 10/10
  4837 | D:5      | Reached *** piety under Lugonu
  5459 | D:6      | Reached XP level 9. HP: 51/51 MP: 11/11
  5948 | D:6      | Found an iron altar of Okawaru.
  6058 | D:7      | Found Voomn's General Store.
  6287 | D:7      | Noticed Harold
  6311 | D:7      | Slain by a killer bee

Illustrated notes

Levels and vault maps discovered:
D:1:      co_arrival_random_square_maze, layout_basic, basic_ecumenical_altar,
          bh_walls_and_bars
D:2:      layout_basic, minmay_cut_off
D:3:      layout_rooms, grunt_temple_overflow_forces_of_nature,
          nicolae_overflow_crystal_walls, overflow_temple_1_default,
          lemuel_round_altar, marbit_many_paths, grunt_temple_overflow_open,
          chequers_serial_rivers_micro_b, st_stairs_9
D:4:      layout_basic, nicolae_overflow_hidden_temple,
          minmay_temple_entry_trees, serial_shops, shop, uniq_eustachio,
          uniq_grinder
D:5:      cheibrodos_barr_body, layout_basic, serial_shops, shop,
          minmay_misc_feat_enclosed, uniq_menkaure
D:6:      layout_basic, okawaru_altar_gauntlet_db
D:7:      minmay_the_grid_triangle_9x9_rhombus_thin
          [minmay_the_grid_triangle_9x9_limited_checkers,
          minmay_the_grid_triangle_9x9_prize_special,
          minmay_the_grid_triangle_9x9_pentomino_pain,
          minmay_the_grid_triangle_9x9_semitri], layout_rooms, serial_shops,
          shop, uniq_harold
Temple:   minmay_temple_curvy_loop

Skill      XL: |  1  2  3  4  5  6  7  8  9 |
---------------+----------------------------+-----
Short Blades   | 2 3 4 5 7 8 |  8.0
Fighting       | 3 4 5 6 7 8 |  8.2
Armour         | |  1.5
Dodging        | |  0.7
Invocations    | |  1.7

Action                   |  1- 3 |  4- 6 |  7- 9 || total
-------------------------+-------+-------+-------++-------
Melee: Short sword       |   127 |   141 |   134 ||   402
       Bite              |    24 |    51 |    68 ||   143
       Rapier            |       |       |    44 ||    44
Invok: Depart the Abyss  |     1 |       |       ||     1
  Use: Potion            |       |       |     3 ||     3
 Stab: Sleeping          |       |     1 |     2 ||     3
Armor: Leather armour    |    27 |    14 |       ||    41
       Ring mail         |       |    13 |       ||    13
       Robe              |       |     2 |    41 ||    43
Dodge: Dodged            |    85 |    49 |    68 ||   202
Block: Buckler           |       |       |     9 ||     9

Table legend: (Time is in decaauts)
 A = Elapsed time spent in this place.
 B = Non-inter-level travel time spent in this place.
 C = Inter-level travel time spent in this place.
 D = Time resting spent in this place.
 E = Time spent auto-exploring this place.
 F = Levels seen in this place.
 G = Mean time per level.
                   A        B        C        D        E       F      G
               +--------+--------+--------+--------+--------+-----+--------+
         Total |   6265 |   6017 |    248 |      0 |   5131 |   9 |  696.1 |
       Dungeon |   6228 |   5980 |    248 |      0 |   5096 |   7 |  889.7 |
        Temple |      1 |      1 |      0 |      0 |      0 |   1 |    1.0 |
         Abyss |     36 |     36 |      0 |      0 |     35 |   1 |   36.0 |
               +--------+--------+--------+--------+--------+-----+--------+

Top non-repeatable levels by time:
     D:2: 1458 daAuts
     D:1: 1259 daAuts
     D:5: 915 daAuts
     D:4: 835 daAuts
     D:6: 769 daAuts
     D:3: 678 daAuts
     D:7: 311 daAuts
 Abyss:1: 36 daAuts
  Temple: 1 daAuts
